 Dungeon Crawl Stone Soup version 0.29.1-1-gd02db6906a (webtiles) character file.

Game seed: 6600891810042471950

1135 hawla the Destroyer (level 8, -8/58 HPs)
             Began as a Pale Draconian Conjurer on Sept 30, 2022.
             Killed from afar by Maggie (13 damage)
             ... with a bolt of fire
             ... on level 6 of the Dungeon.
             The game lasted 00:19:54 (8264 turns).

hawla the Destroyer (Pale Draconian Conjurer)       Turns: 8264, Time: 00:19:54

Health: -8/58      AC:  7    Str:  8 (9)  XL:     8   Next: 14%
Magic:  0/12       EV: 11    Int: 20 (22) God:
Gold:   252        SH:  2    Dex:  7 (9)  Spells: 6/13 levels left

rFire   + . .      SeeInvis .   a - staff of poison
rCold   . . .      Faith    .   o - +0 buckler
rNeg    . . .      Spirit   .   (body armour unavailable)
rPois   +          Reflect  .   (helmet restricted)
rElec   .          Harm     .   (no cloak)
rCorr   .          Rampage  .   w - +0 pair of gloves
Will    .....                   (no boots)
Stlth   ++........              (no amulet)
HPRegen 0.19/turn               h - ring of protection from fire
MPRegen 0.13/turn               (no ring)

@: brilliant, about to teleport, mesmerised, hasted, very quick
A: breathe steam, AC +6, unfitting armour, cold-blooded, steam resistance
a: Breathe Steam


You were on level 6 of the Dungeon.
You visited 2 branches of the dungeon, and saw 7 of its levels.

You collected 252 gold pieces.

Inventory:

Hand Weapons
 p - the +9 sling of Autumn {freeze, Int+4}
   (You found it on level 2 of the Dungeon)

   Any ammunition fired from it freezes those it strikes, dealing additional
   cold damage.
   It can also slow down cold-blooded creatures.
   Int:       It affects your intelligence (+4).
Missiles
 c - 9 poisoned darts (quivered)
Armour
 o - a +0 buckler (worn)
 w - a +0 pair of gloves (worn)
Magical Staves
 a - a staff of poison (weapon)
Jewellery
 h - a ring of protection from fire (left hand)
 n - a ring of magical power
 v - a ring of protection from fire
Scrolls
 g - 2 scrolls of teleportation
 q - a scroll of fog
 r - 2 scrolls of amnesia
 s - 2 scrolls of magic mapping
 t - a scroll of identify
Potions
 f - a potion of lignification
 i - a potion of attraction {unknown}
 j - 5 potions of brilliance
 k - a potion of might {unknown}
 l - 2 potions of haste


   Skills:
 - Level 0.9 Fighting
 - Level 2.3 Dodging
 - Level 2.2 Stealth
 - Level 3.1 Spellcasting
 - Level 8.8 Conjurations
 - Level 3.6 Translocations
 * Level 0.6 Poison Magic
 * Level 0.7 Evocations


You had 6 spell levels left.
You knew the following spells:

 Your Spells              Type           Power      Damage    Failure   Level
a - Magic Dart            Conj           100%       1d8       1%          1
b - Searing Ray           Conj           100%       2d8       1%          2
c - Iskenderun's Mystic   Conj/Tloc      42%        2d10      14%         4

Your spell library contained the following spells:

 Spells                   Type           Power      Damage    Failure   Level
 Dazzling Flash           Conj/Hex       62%        N/A       10%         3
 Summon Small Mammal      Summ           16%        N/A       19%         1
 Ensorcelled Hibernation  Hex/Ice        8%         N/A       28%         2
 Passwall                 Tmut/Erth      3%         N/A       28%         2
 Fulminant Prism          Conj/Hex       15%        3d11      30%         4
 Call Canine Familiar     Summ           4%         N/A       50%         3
 Summon Guardian Golem    Hex/Summ       4%         N/A       50%         3
 Swiftness                Air            4%         N/A       50%         3


Dungeon Overview and Level Annotations

Branches:
Dungeon (6/15)             Temple (1/1) D:4

Altars:
Ashenzari
Dithmenos
Fedhas
Hepliaklqana
Makhleb
Nemelex Xobeh
Qazlal
Sif Muna
Trog
Wu Jian
Xom
Yredelemnul
Zin
The Shining One

Annotations:
D:4 2 transporters
D:5 4 runed translucent doors, Crazy Yiuf; miserystealer's ghost, novice DrEE
D:6 Maggie


Innate Abilities, Weirdness & Mutations

You can breathe blasts of scalding, opaque steam.
Your pale cyan-grey scales are hard. (AC +6)
You cannot fit into any form of body armour.
You are cold-blooded and may be slowed by cold attacks.
You are immune to the effects of steam.


Message History

Throw: 10 darts (poison)
Press: ? - help, Q - select action, (/) - cycle Shift-Dir - straight line, f/p - Maggie
Aim: Maggie, wielding a +0 long sword of holy wrath and wearing +0 swamp dragon scales (almost dead, mesmerising, 54% to hit)
You throw a poisoned dart. The poisoned dart barely misses Maggie.
Maggie hits you but does no damage.
Casting: Magic Dart (safe; 1% risk of failure)
Confirm with . or Enter, or press ? or * to list all spells.
Aiming: Magic Dart (safe; 1% risk of failure)
Press: ? - help, Shift-Dir - straight line, f/p - Maggie
Aim: Maggie, wielding a +0 long sword of holy wrath and wearing +0 swamp dragon scales (almost dead, mesmerising, 100% to hit)
You feel a surge of power!
The magic dart hits Maggie but does no damage.
Maggie is almost dead.
Maggie hits you with a +0 long sword of holy wrath.
* * * LOW HITPOINT WARNING * * *
It was a potion of haste.
You feel yourself speed up. Maggie hits you but does no damage.
You closely miss Maggie.
Maggie is almost dead.
Maggie hits you but does no damage.
You hit Maggie but do no damage.
Maggie is almost dead.
Maggie gestures at you while chanting. The bolt of fire hits you. You resist.
* * * LOW HITPOINT WARNING * * *
You barely miss Maggie.
Maggie is almost dead.
Maggie says, "Fear not.
I will immortalize you in the tale of my first kill."
Maggie points at you and mumbles some strange words.
The bolt of fire hits you. You resist.
* * * LOW HITPOINT WARNING * * *
You barely miss Maggie.
Maggie is almost dead.
You feel less wooden.
Your +0 pair of gloves unmelds from your body.
As you read the scroll of teleportation, it crumbles to dust.
You feel strangely unstable. You block Maggie's attack.
Maggie gestures at you while chanting. The bolt of fire hits you! You resist.
You die...

..# #(.# #..#
#..# # #..# #
#. #..#
###.#.##..#
.......@@.#
....#.....# .
. #.....#
.....##..####
............#
.....#######.#
..... #.# #
##+#. #.# #
#.#


You could see Maggie (mesmerising).

Vanquished Creatures
  Grinder (D:4)
  A centaur (D:5)
  2 ogres (D:5)
  3 scorpions
  A howler monkey (D:4)
  2 hounds
  2 jellies
  2 orc priests
  An iguana (D:4)
  A gnoll bouda (D:4)
  3 orc wizards
  3 gnolls (D:4)
  4 adders
  An ufetubus (D:5)
  3 worms
  5 dart slugs
  11 orcs
  10 ball pythons
  6 endoplasms
  A giant cockroach (D:4)
  4 goblins
  5 hobgoblins
  2 jackals (D:5)
  7 quokkas
  4 bats
  3 frilled lizards
  2 kobolds
90 creatures vanquished.

Vanquished Creatures (others)
  3 plants (D:1)
3 creatures vanquished.

Grand Total: 93 creatures vanquished

Notes
Turn   | Place    | Note
-------+----------+-------------------------------------------
     0 | D:1      | hawla the Draconian Conjurer began the quest for the Orb.
     0 | D:1      | Reached XP level 1. HP: 14/14 MP: 3/3
   566 | D:1      | Reached XP level 2. HP: 20/20 MP: 0/5
   569 | D:1      | Learned a level 2 spell: Searing Ray
  1810 | D:2      | Reached XP level 3. HP: 26/26 MP: 0/6
  2225 | D:2      | Identified the +9 sling of Autumn {freeze, Int+4}
  2749 | D:3      | Reached skill level 5 in Conjurations
  2884 | D:3      | Reached XP level 4. HP: 34/34 MP: 2/7
  3022 | D:3      | Found a glowing golden altar of the Shining One.
  3990 | D:4      | Reached XP level 5. HP: 39/39 MP: 7/9
  4040 | D:3      | Learned a level 4 spell: Iskenderun's Mystic Blast
  4314 | D:4      | Reached skill level 1 in Translocations
  4326 | D:4      | Reached skill level 6 in Conjurations
  4326 | D:4      | Reached XP level 6. HP: 36/46 MP: 1/10
  4541 | D:4      | Found a staircase to the Ecumenical Temple.
  4562 | Temple   | Entered the Ecumenical Temple
  4755 | D:4      | Found a transporter.
  4773 | D:4      | Found a transporter.
  5002 | D:4      | Found a blossoming altar of Fedhas.
  5321 | D:4      | Noticed Grinder
  5330 | D:4      | Killed Grinder
  5331 | D:4      | Reached skill level 7 in Conjurations
  5331 | D:4      | Your scales start taking on a pale cyan-grey colour.
  5331 | D:4      | Reached XP level 7. HP: 24/51 MP: 0/11
  5331 | D:4      | Gained mutation: You are immune to the effects of steam.
                  | [Pale Draconian growth]
  5834 | D:5      | Entered Level 5 of the Dungeon
  5959 | D:5      | Reached skill level 8 in Conjurations
  6506 | D:5      | Found a runed translucent gate.
  6506 | D:5      | Found a runed translucent gate.
  6511 | D:5      | Found a runed translucent gate.
  6562 | D:5      | Reached XP level 8. HP: 40/58 MP: 3/12
  6826 | D:5      | Noticed miserystealer's ghost (novice DrEE)
  7010 | D:5      | Found a runed translucent door.
  7011 | D:5      | Noticed Crazy Yiuf
  8200 | D:6      | Noticed Maggie
  8264 | D:6      | Killed from afar by Maggie

Illustrated notes

Levels and vault maps discovered:
D:1:      elethiomel_arrival_quiet, layout_basic, serial_forest,
          infiniplex_forest_lined_room_2, infiniplex_forest_lined_1,
          infiniplex_forest_end_1, infiniplex_forest_clump_large,
          infiniplex_forest_lined_2, infiniplex_forest_lined_room_3,
          infiniplex_forest_lined_2
D:2:      layout_rooms
D:3:      layout_loops_ring, mainiacjoe_overflow_paths
D:4:      layout_cave_pods, fedhas_altar_2, minmay_temple_entry_hall,
          gammafunk_ghost_abyssal_escape, cheibrodos_sewer_entry_bend,
          uniq_grinder
D:5:      layout_basic, gammafunk_ghost_icy, uniq_crazy_yiuf_cottage
D:6:      layout_basic, nicolae_gozag_cash_rules_everything_around_me,
          uniq_maggie
Temple:   hellmonk_temple_two_chambers

Skill      XL: |  1  2  3  4  5  6  7 |
---------------+----------------------+-----
Stealth        | 2 |  2.2
Dodging        | 2 |  2.3
Conjurations   | 5 6 7 8 |  8.8
Spellcasting   | 3 |  3.1
Translocations | 1 2 3 |  3.6
Fighting       | |  0.9
Poison Magic   | |  0.6
Evocations     | |  0.7

Action                   |  1- 3 |  4- 6 |  7- 9 || total
-------------------------+-------+-------+-------++-------
Melee: Unarmed           |    47 |     9 |       ||    56
       Tailslap          |     4 |     1 |     6 ||    11
       Punch             |     1 |       |       ||     1
       Sling             |       |     3 |       ||     3
       Staff             |       |       |    62 ||    62
 Fire: Sling             |       |    28 |       ||    28
Throw: Dart              |       |       |     3 ||     3
 Cast: Magic Dart        |    35 |    25 |    10 ||    70
       Searing Ray       |    19 |    17 |    23 ||    59
       Iskenderun's Myst |       |     4 |     7 ||    11
  Use: Scroll            |     8 |     1 |     3 ||    12
       Potion            |       |       |    10 ||    10
Armor: Skin              |    24 |    13 |    55 ||    92
Dodge: Dodged            |    59 |    19 |    32 ||   110
Block: Buckler           |       |     2 |     6 ||     8
